 Dungeon Crawl Stone Soup version 0.31-a0-836-g3ceb0a68c4 (webtiles) character file.

Game seed: 11797890913273906870

2221 Kurtz the Cleaver (level 9, -5/62 HPs)
             Began as an Octopode Fighter on Sept 27, 2023.
             Was a Priest of Okawaru.
             Slain by a killer bee (8 damage)
             ... on level 7 of the Dungeon.
             The game lasted 00:07:15 (6532 turns).

Kurtz the Cleaver (Octopode Fighter)                Turns: 6532, Time: 00:07:16

Health: -5/62      AC:  1    Str: 17    XL:     9   Next: 35%
Magic:  10/12      EV: 16    Int: 10    God:    Okawaru [***...]
Gold:   288        SH: 11    Dex: 14    Spells: 8/8 levels left

rFire   . . .        C - +1 flail (holy)
rCold   . . .        b - +0 buckler
rNeg    . . .        (helmet restricted)
rPois   .            k - amulet of reflection
rElec   .            (no ring)
rCorr   .            (no ring)
SInv    .            (no ring)
Will    .....        (no ring)
Stlth   ++++         (no ring)
HPRegen 0.30/turn    (no ring)
MPRegen 0.13/turn    (no ring)
                     (no ring)

%: reflection
@: heroic
A: almost no armour, amphibious, 8 rings, camouflage 1, gelatinous body 1,
(nimble swimmer 1), tentacles
a: Renounce Religion, Heroism


You were on level 7 of the Dungeon.
You worshipped Okawaru.
Okawaru was most pleased with you.
You visited 1 branch of the dungeon, and saw 8 of its levels.

You collected 446 gold pieces.
You spent 158 gold pieces at shops.

Inventory:

Hand Weapons
 a - a +0 war axe
 p - a +1 vampiric whip
 C - a +1 flail of holy wrath (weapon)
 E - a +2 antimagic whip
Missiles
 d - 5 javelins (quivered)
 v - 37 poisoned darts
Armour
 b - a +0 buckler (worn)
Jewellery
 k - an amulet of reflection (around mantle)
Wands
 r - a wand of digging (2)
 x - a wand of iceblast (3)
 D - a wand of flame (16)
Scrolls
 e - 3 scrolls of noise {unknown}
 f - 2 scrolls of identify {unknown}
 i - 3 scrolls of vulnerability {unknown}
 l - a scroll of enchant weapon {unknown}
 m - 2 scrolls of immolation {unknown}
 o - a scroll of teleportation {unknown}
 q - a scroll of amnesia {unknown}
 u - 2 scrolls of enchant armour {unknown}
 y - a scroll of butterflies {unknown}
 z - a scroll of poison {unknown}
 A - a scroll of revelation {unknown}
Potions
 c - a potion of might
 g - 8 potions of curing
 h - 4 potions of heal wounds {unknown}
 j - a potion of lignification {unknown}
 n - 2 potions of brilliance {unknown}
 s - a potion of magic {unknown}
 t - 2 potions of resistance {unknown}
 w - 2 potions of ambrosia {unknown}
 B - a potion of invisibility {unknown}
 F - 2 potions of degeneration {unknown}


   Skills:
 + Level 5.9(10.9) Fighting
 * Level 10.4(15.4) Axes
 - Level 3.0(8.0) Dodging
 - Level 3.0(8.0) Shields
 * Level 4.2 Invocations


You had 8 spell levels left.
You didn't know any spells.
Your spell library contained the following spells:

 Spells                   Type           Power      Damage    Failure   Level
 Apportation              Tloc           0%         N/A       41%         1
 Kiss of Death            Conj/Necr      0%         2d5       41%         1
 Magic Dart               Conj           0%         1d3       41%         1
 Necrotise                Necr           0%         1d4       41%         1
 Slow                     Hex            0%         N/A       41%         1
 Jinxbite                 Hex            0%         N/A       56%         2
 Lesser Beckoning         Tloc           0%         N/A       56%         2
 Searing Ray              Conj           0%         2d4       56%         2
 Confusing Touch          Hex            0%         N/A       80%         3
 Gell's Gravitas          Tloc           0%         N/A       80%         3
 Sigil of Binding         Hex            0%         N/A       80%         3
 Teleport Other           Tloc           0%         N/A       80%         3
 Vampiric Draining        Necr           0%         2d6       80%         3
 Dispel Undead            Necr           0%         3d6       99%         4
 Fulminant Prism          Conj/Hex       0%         3d5       99%         4
 Alistair's Intoxication  Tmut/Pois      0%         N/A       100%        5


Dungeon Overview and Level Annotations

Branches:
Dungeon (8/15)
 Temple: D:4-7         Lair: D:8-11

Altars:
Kikubaaqudgha
Makhleb
Okawaru
Sif Muna
Trog
Vehumet
Wu Jian
Yredelemnul

Shops:
D:3 *   D:6 =

Annotations:
D:6 1 runed translucent door, exclusion: downstairs, Crazy Yiuf


Innate Abilities, Weirdness & Mutations

You cannot wear most types of armour.
You are amphibious.
You can wear up to eight rings at the same time.
Your skin changes colour to match your surroundings (Stealth+).
Your rubbery body absorbs attacks. (AC +1, EV +1)
((You are camouflaged when in or above water. (Stealth+)))
You have tentacles for arms and can constrict up to eight enemies at once.


Message History

There is a stone staircase leading down here.
You closely miss the killer bee. Your grab misses the killer bee.
You feel sick. You block the killer bee's attack. The killer bee stings you!
You are more poisoned.
The killer bee poisons you! The killer bee stings you.
The killer bee closely misses you.
Unknown command.
You miss the killer bee. Your grab misses the killer bee.
You feel sick. The killer bee stings you. You block the killer bee's attack.
The killer bee stings you. You block the killer bee's attack.
You are too injured to fight recklessly!
You feel sick. The killer bee stings you!
You sock the killer bee! Your grab misses the killer bee.
You squeeze the killer bee.
The killer bee is severely wounded.
You feel sick. The killer bee stings you!
* * * LOW HITPOINT WARNING * * *
The killer bee misses you.
Unknown command.
You feel better. The killer bee stings you.
* * * LOW HITPOINT WARNING * * *
The killer bee barely misses you.
You gain the combat prowess of a mighty hero.
You block the killer bee's attack. The killer bee misses you.
You sock the killer bee!
You kill the killer bee!
Okawaru accepts your kill. You block the killer bee's attack.
Unknown command.
You miss the killer bee. Your grab misses the killer bee.
You squeeze the killer bee.
The killer bee is moderately wounded.
The killer bee stings you!
* * * LOW HITPOINT WARNING * * *
The killer bee misses you.
Unknown command.
You hit the killer bee. You grab the killer bee.
The killer bee is heavily wounded.
You constrict the killer bee. The killer bee stings you!
You die...

#.# #.#.####.# #.#####.#.# #.#
#### #.........# #.###...
####.###### #.##...# #.#
#.#..... #.# ####....... #.#
#.......... #.# ##.###......
#@# #...........
#####y#####.<####..|.#
########
##............####.####
.......# ##..................#
######.###.......######.####.#
#.........P.# #.##...#
#####.%~.~..# #.##.#.####
#..~.~..######..........
#..~.~P.#.))........[<##


You could see a killer bee.

Vanquished Creatures
  A hornet (D:7)
  Eustachio (D:6)
  A steam dragon (D:7)
  4 ogres
  3 phantoms
  A kobold brigand (D:7)
  A scorpion (D:6)
  A killer bee (D:7)
  2 howler monkeys (D:7)
  5 hounds
  A jelly (D:5)
  A gnoll bouda (D:7)
  3 orc priests
  Jessica (D:3)
  4 iguanas
  Natasha (thrice) (D:2)
  6 orc wizards
  16 gnolls
  3 adders
  2 shadow imps
  An ufetubus (D:6)
  2 worms
  3 dart slugs
  15 orcs
  9 ball pythons
  4 bats
  8 endoplasms
  3 giant cockroaches
  7 goblins
  6 hobgoblins
  4 jackals
  5 quokkas
  2 frilled lizards (D:2)
  12 kobolds
  8 rats
149 creatures vanquished.

Notes
Turn   | Place    | Note
-------+----------+-------------------------------------------
     0 | D:1      | Kurtz the Octopode Fighter began the quest for the Orb.
     0 | D:1      | Reached XP level 1. HP: 16/16 MP: 1/1
   200 | D:1      | Reached XP level 2. HP: 21/21 MP: 2/2
   343 | D:1      | Reached skill level 3 in Axes
   485 | D:1      | Reached XP level 3. HP: 26/26 MP: 3/3
   970 | D:2      | Noticed Natasha
   973 | D:2      | Killed Natasha
   974 | D:2      | Reached skill level 4 in Axes
   974 | D:2      | Reached XP level 4. HP: 30/31 MP: 4/4
  1116 | D:2      | Noticed Natasha
  1123 | D:2      | Killed Natasha
  1443 | D:2      | Noticed Natasha
  1449 | D:2      | Killed Natasha
  1450 | D:2      | Reached skill level 5 in Axes
  1450 | D:2      | Reached XP level 5. HP: 30/36 MP: 5/5
  1726 | D:3      | Found an iron altar of Okawaru.
  1740 | D:3      | Became a worshipper of Warmaster Okawaru
  1775 | D:3      | Found a basalt altar of Yredelemnul.
  1776 | D:3      | Found an ornate altar of the Wu Jian Council.
  1934 | D:3      | Found a bloodstained altar of Trog.
  2055 | D:3      | Found Guwk's General Store.
  2067 | D:3      | Bought 2 potions of curing for 66 gold pieces
  2067 | D:3      | Bought a wand of digging (2) for 92 gold pieces
  2205 | D:3      | Noticed Jessica
  2212 | D:3      | Killed Jessica
  2731 | D:3      | Reached XP level 6. HP: 17/42 MP: 6/6
  2880 | D:4      | Reached skill level 6 in Axes
  3118 | D:4      | Reached skill level 1 in Invocations
  3248 | D:4      | Found a burning altar of Makhleb.
  3516 | D:4      | Reached skill level 7 in Axes
  3516 | D:4      | Reached XP level 7. HP: 34/46 MP: 8/8
  3644 | D:5      | Entered Level 5 of the Dungeon
  3762 | D:5      | Reached * piety under Okawaru
  3946 | D:6      | Found a radiant altar of Vehumet.
  3950 | D:6      | Found an ancient bone altar of Kikubaaqudgha.
  3951 | D:6      | Found a shimmering blue altar of Sif Muna.
  3957 | D:6      | Got a murmuring book
  4183 | D:6      | Reached skill level 8 in Axes
  4318 | D:6      | Reached XP level 8. HP: 50/54 MP: 6/9
  4675 | D:6      | Reached ** piety under Okawaru
  4728 | D:6      | Found a transporter.
  4728 | D:6      | Found Ifem's Jewellery Shoppe.
  4749 | D:6      | Found a transporter.
  4761 | D:6      | Noticed Eustachio
  4781 | D:6      | Killed Eustachio
  4782 | D:6      | Reached skill level 9 in Axes
  5083 | D:6      | Found a runed translucent door.
  5084 | D:6      | Noticed Crazy Yiuf
  5455 | D:7      | Noticed a hornet
  5511 | D:7      | Killed a hornet
  5797 | D:7      | Reached skill level 5 in Fighting
  5949 | D:7      | Reached XP level 9. HP: 61/61 MP: 11/11
  5954 | D:7      | Reached skill level 10 in Axes
  5997 | D:7      | Reached *** piety under Okawaru
  6531 | D:7      | HP: 3/62 [killer bee (8)]
  6532 | D:7      | Slain by a killer bee

Illustrated notes

Levels and vault maps discovered:
D:1:      dpeg_arrival_rooms_with_view, layout_loops_ring
D:2:      layout_loops_ring, minmay_increasing_density, uniq_natasha
D:3:      minmay_diamond_boxcup, layout_basic, lightli_temple_of_fire,
          okawaru_ov_weapons_minmay, mainiacjoe_overflow_catwalk_spiral,
          serial_shops, nicolae_shop_just_a_little_nook, uniq_jessica
D:4:      layout_rooms, makhleb_heckhound_becter
D:5:      layout_loops_ring, kennysheep_mini, minmay_temple_entry_offerings,
          minmay_manual_mail, uniq_ijyb
D:6:      layout_gridville, grunt_temple_overflow_magic_moments, serial_shops,
          nicolae_shop_drivethru, uniq_eustachio, uniq_crazy_yiuf_cottage
D:7:      layout_loops_ring, dreamdust_gnoll_farm
D:8:      layout_loops_ring, grunt_dithmenos_shadows, monkooky_shop_mail_order

Skill      XL: |  1  2  3  4  5  6  7  8  9 |
---------------+----------------------------+-----
Axes           | 3 4 5 7 8 9 10 | 10.4
Invocations    | 1 2 3 4 |  4.2
Fighting       | 5 |  5.9
Dodging        | |  3.0
Shields        | |  3.0

Action                     |  1- 3 |  4- 6 |  7- 9 || total
---------------------------+-------+-------+-------++-------
  Melee: War axe           |    48 |    23 |    67 ||   138
         Constrict         |    13 |    21 |    34 ||    68
         Tentacles         |     9 |    24 |    32 ||    65
         Punch             |       |     3 |     2 ||     5
         Whip              |       |    96 |    19 ||   115
         Flail             |       |       |    94 ||    94
  Throw: Javelin           |       |     3 |     9 ||    12
         Dart              |       |       |     5 ||     5
 Invoke: Heroism           |       |       |     2 ||     2
  Evoke: Wand              |       |       |     9 ||     9
    Use: Potion            |       |       |     1 ||     1
   Stab: Sleeping          |     9 |    14 |     4 ||    27
         Distracted        |     2 |     1 |       ||     3
 Armour: Skin              |    13 |    38 |    89 ||   140
  Dodge: Dodged            |    15 |    51 |    55 ||   121
  Block: Buckler           |    10 |    38 |    69 ||   117
         Reflection        |       |     1 |       ||     1

Table legend: (Time is in decaauts)
 A = Elapsed time spent in this place.
 B = Non-inter-level travel time spent in this place.
 C = Inter-level travel time spent in this place.
 D = Time resting spent in this place.
 E = Time spent auto-exploring this place.
 F = Levels seen in this place.
 G = Mean time per level.
                   A        B        C        D        E       F      G
               +--------+--------+--------+--------+--------+-----+--------+
         Total |   6584 |   6258 |    326 |   1276 |   3893 |   8 |  823.0 |
       Dungeon |   6584 |   6258 |    326 |   1276 |   3893 |   8 |  823.0 |
               +--------+--------+--------+--------+--------+-----+--------+

Top non-repeatable levels by time:
     D:6: 1914 daAuts
     D:3: 1187 daAuts
     D:7: 856 daAuts
     D:2: 856 daAuts
     D:1: 818 daAuts
     D:4: 811 daAuts
     D:5: 138 daAuts
     D:8: 1 daAuts
